[Event "Titled Tuesday Blitz March 22 Early 2022"]
[White "Fathy, Elameir"]
[Black "Rosen, Eric"]
[WhiteFideId "10600396"]
[BlackFideId "2032562"]
[WhiteElo "2311"]
[BlackElo "2362"]
[Result "1-0"]
[Round "09"]
[TimeControl "180+1"]
[Date "2022.03.22"]
[WhiteClock "0:00:08"]
[BlackClock "0:00:15"]

1. d4 d5 2. Nf3 Nf6 3. c4 e6 4. g3 dxc4 5. Bg2 Bb4+ 6. Bd2 c5 7. a3 Bxd2+ 8. Nbxd2 cxd4 9. Nxc4 Nc6 10. O-O O-O 11. b4 a6 12. Nfe5 Nxe5 13. Nxe5 Qd6 14. Nc4 Qd8 15. Qd2 Re8 16. Ne5 Qd6 17. f4 Rb8 18. Rfd1 Rd8 19. Rac1 h5 20. h3 Bd7 21. Qxd4 Qxd4+ 22. Rxd4 Bb5 23. Rxd8+ Rxd8 24. Bxb7 Bxe2 25. Rc7 Rf8 26. Kf2 Bb5 27. g4 hxg4 28. hxg4 Nd5 29. Bxd5 exd5 30. g5 f6 31. gxf6 Rxf6 32. Ke3 d4+ 33. Ke4 d3 34. Rc8+ Kh7 35. Rd8 Re6 36. a4 Bxa4 37. Kxd3 Rb6 38. Rd4 Bb5+ 39. Ke4 Rh6 40. Rd6 Rh1 41. Rb6 Rb1 42. Nc6 Bxc6+ 43. Rxc6 Rb3 44. Rxa6 Rxb4+ 45. Kf3 Rb1 46. Kg4 Rg1+ 47. Kf3 Rf1+ 48. Kg4 Rg1+ 49. Kf3 Rb1 50. Kg4 Rb3 51. Rd6 Rc3 52. Ra6 Rd3 53. Rc6 Ra3 54. Rb6 Rc3 55. Re6 Rc7 56. Rb6 Ra7 57. Re6 Rf7 58. Rb6 Rf8 59. Re6 Rd8 60. Rc6 Rd1 61. Rb6 Rg1+ 62. Kf3 Ra1 63. Kg4 Ra3 64. Rd6 Ra5 65. Rc6 Rd5 66. Kf3 Rh5 67. Kg4 Rh2 68. Kf3 Rh3+ 69. Kg4 Re3 70. Rd6 Rc3 71. Ra6 Rc5 72. Kf3 Rc7 73. Kg4 Kg8 74. Kf3 Kf7 75. Kg4 Re7 76. Rc6 Rd7 77. Kf3 g6 78. Kg4 Kg7 79. Kg5 Rd5+ 80. Kg4 Kh6 81. Rb6 Rd1 82. Rb8 Rg1+ 83. Kh4 Rg2 84. Rh8+ Kg7 85. Ra8 Rf2 86. Kg4 Rf1 87. Ra6 Kf7 88. Rb6 Rg1+ 89. Kf3 Rh1 90. Rb7+ Kf6 91. Rb6+ Kg7 92. Kg4 Rg1+ 93. Kf3 Rf1+ 94. Kg4 Rc1 95. Rb7+ Kh6 96. Rb6 Rc5 97. Re6 Rb5 98. Rc6 Rb4 99. Re6 Ra4 100. Rd6 Ra8 101. Re6 Rf8 102. Rc6 Kg7 103. Rd6 Rf7 104. Rc6 Kh6 105. Rd6 Rc7 106. Rd3 Rc2 107. Rh3+ Kg7 108. Ra3 Rc6 109. Ra5 Kf6 110. Ra8 Rc4 111. Rf8+ Kg7 112. Rc8 Kh6 113. Rxc4 1-0


[Site "https://www.chess.com"]

[Event "Titled Tuesday Blitz March 22 Early 2022"]
[White "Fernandez, Daniel Howard"]
[Black "Dronavalli, Harika"]
[WhiteFideId "5801605"]
[BlackFideId "5015197"]
[WhiteElo "2466"]
[BlackElo "2382"]
[Result "1-0"]
[Round "09"]
[TimeControl "180+1"]
[Date "2022.03.22"]
[WhiteClock "0:00:38"]
[BlackClock "0:00:20"]

1. e4 c5 2. Nf3 e6 3. d4 cxd4 4. Nxd4 a6 5. Nc3 b5 6. Bd3 Bb7 7. O-O Nc6 8. Nxc6 Bxc6 9. Re1 Be7 10. Qg4 Kf8 11. e5 h5 12. Qf4 d5 13. Ne2 g5 14. Qf3 Kg7 15. Nd4 Bd7 16. Bd2 h4 17. h3 Nh6 18. a3 Bc5 19. c3 Be7 20. b3 Rc8 21. a4 bxa4 22. bxa4 Ra8 23. Reb1 Qe8 24. Rb7 Bc8 25. Rxe7 Qxe7 26. Nc6 Qc7 27. Bxg5 Qxc6 28. Qf6+ Kg8 29. Qd8+ Kg7 30. Bf6# 1-0


[Site "https://www.chess.com"]

[Event "Titled Tuesday Blitz March 22 Early 2022"]
[White "Fiorito, Fabian"]
[Black "Kowalczyk, Pawel"]
[WhiteFideId "100200"]
[BlackFideId "1130641"]
[WhiteElo "2484"]
[BlackElo "2663"]
[Result "0-1"]
[Round "09"]
[TimeControl "180+1"]
[Date "2022.03.22"]
[WhiteClock "0:00:37"]
[BlackClock "0:02:20"]

1. e4 c5 2. Nf3 e6 3. d4 cxd4 4. Nxd4 Qb6 5. Nc3 Bc5 6. Na4 Qa5+ 7. c3 Bxd4 8. Qxd4 Nf6 9. Nc5 O-O 10. Nb3 Qh5 11. Be2 Qg6 12. Bf3 d5 13. exd5 e5 14. Qh4 e4 15. Be2 Qxg2 16. Rf1 Bg4 17. Be3 Bxe2 18. Kxe2 Qf3+ 19. Kd2 Nxd5 20. Nd4 Qf6 21. Qg3 Nc6 22. Kc2 Rac8 23. Rad1 Ncb4+ 24. Kb1 Nd3 25. Rg1 g6 26. h4 a5 27. h5 a4 28. a3 Nxc3+ 29. bxc3 Qb6+ 0-1


[Site "https://www.chess.com"]

[Event "Titled Tuesday Blitz March 22 Early 2022"]
[White "Gabrielian, Artur"]
[Black "Lazavik, Denis"]
[WhiteFideId "4131002"]
[BlackFideId "13515110"]
[WhiteElo "2440"]
[BlackElo "2437"]
[Result "1-0"]
[Round "09"]
[TimeControl "180+1"]
[Date "2022.03.22"]
[WhiteClock "0:00:35"]
[BlackClock "0:00:08"]

1. e4 e5 2. Nf3 Nc6 3. Bc4 Bc5 4. d3 Nf6 5. Bg5 h6 6. Bh4 d6 7. c3 a6 8. Nbd2 Qe7 9. O-O Ba7 10. Kh1 g5 11. Bg3 Nh5 12. Bd5 Nf4 13. d4 Nd8 14. dxe5 dxe5 15. Bxf4 exf4 16. e5 c6 17. Bb3 Kf8 18. Ne4 Be6 19. Nf6 Bxb3 20. axb3 Ne6 21. Qc2 Rd8 22. Rad1 Bb6 23. Rxd8+ Bxd8 24. Rd1 Qc7 25. Rd7 Qc8 26. Qd3 Kg7 27. Nh5+ Kg8 28. Nf6+ Kg7 29. Qf5 Rf8 30. Qxe6 1-0


[Site "https://www.chess.com"]

[Event "Titled Tuesday Blitz March 22 Early 2022"]
[White "Gaehwiler, Gabriel"]
[Black "Grischuk, Alexander"]
[WhiteFideId "1314530"]
[BlackFideId "4126025"]
[WhiteElo "2383"]
[BlackElo "2762"]
[Result "0-1"]
[Round "09"]
[TimeControl "180+1"]
[Date "2022.03.22"]
[WhiteClock "0:00:04"]
[BlackClock "0:00:03"]

1. d4 e6 2. Nf3 c5 3. e4 cxd4 4. Nxd4 Nc6 5. Nc3 Qc7 6. Be3 a6 7. Qf3 Ne5 8. Qg3 Bd6 9. f4 Ng6 10. e5 Bb4 11. Bd2 d6 12. a3 Bc5 13. Nb3 dxe5 14. fxe5 Be7 15. O-O-O Qxe5 16. Qf2 Nf6 17. Bd3 O-O 18. h4 h5 19. Rde1 Ng4 20. Qf3 Qf6 21. Qe2 Qf2 22. Bxg6 Qxe2 23. Bxf7+ Rxf7 24. Rxe2 e5 25. Nd5 Bd8 26. Ne3 Bf6 27. Bc3 b6 28. Nd2 b5 29. Nxg4 Bxg4 30. Re3 Re8 31. Ne4 Rd7 32. b3 Bd8 33. Kb2 Bb6 34. Ree1 Bf5 35. Ng3 Bg6 36. Ne4 Rf8 37. Bxe5 Re8 38. Nc3 Rd2 39. Rc1 Rxe5 40. Rhf1 Bd4 41. b4 Rxg2 42. Rf3 Re3 43. a4 Rxf3 44. axb5 Bxc3+ 45. Kb3 axb5 46. Re1 Bxe1+ 0-1


[Site "https://www.chess.com"]

[Event "Titled Tuesday Blitz March 22 Early 2022"]
[White "Gatterer, Florian"]
[Black "Obolentseva, Alexandra"]
[WhiteFideId "811688"]
[BlackFideId "24153648"]
[WhiteElo "2218"]
[BlackElo "2113"]
[Result "0-1"]
[Round "09"]
[TimeControl "180+1"]
[Date "2022.03.22"]
[WhiteClock "0:00:10"]
[BlackClock "0:00:55"]

1. Nf3 Nf6 2. c4 g6 3. b3 Bg7 4. Bb2 O-O 5. g3 d6 6. d4 c5 7. Nc3 Nc6 8. Bg2 cxd4 9. Nxd4 Nxd4 10. Qxd4 Bf5 11. Qd2 Qd7 12. O-O Bh3 13. Nd5 Nxd5 14. Bxg7 Kxg7 15. Qxd5 Bxg2 16. Kxg2 Qc6 17. Rfd1 Rac8 18. f3 Qxd5 19. Rxd5 a6 20. a4 Rc6 21. Rad1 Rfc8 22. Kf2 Rc5 23. Rxc5 Rxc5 24. Ke3 Kf6 25. Kd4 b5 26. cxb5 axb5 27. a5 e5+ 28. Ke3 Ke6 29. Ra1 Rc7 30. a6 Ra7 31. Ke4 f5+ 32. Kd3 Kd5 33. Kc3 Kc5 34. e4 b4+ 35. Kd3 Kb5 36. h4 Kc5 37. Ra5+ Kb6 38. Ra4 Kb5 39. Ra1 h6 40. Ra4 f4 41. g4 g5 42. h5 Kc5 43. Ra5+ Kb6 44. Ra4 Kb5 45. Ra1 Rxa6 46. Rxa6 Kxa6 47. Kc4 Kb6 48. Kxb4 d5 49. exd5 e4 50. Kc4 exf3 51. Kd3 Kc5 52. b4+ Kxd5 53. Kd2 Kc4 54. Ke1 Kxb4 55. Kf2 Kc4 56. Kxf3 Kd4 57. Kf2 Ke4 58. Kg2 f3+ 59. Kf1 Kf4 60. Kf2 Kxg4 61. Kf1 Kg3 62. Kg1 g4 63. Kf1 f2 64. Ke2 Kg2 65. Ke3 f1=Q 66. Ke4 Kg1 67. Ke5 g3 68. Ke6 g2 69. Ke7 Kh1 70. Ke6 g1=Q 71. Ke7 Qff2 72. Ke8 Qge1+ 0-1


[Site "https://www.chess.com"]

[Event "Titled Tuesday Blitz March 22 Early 2022"]
[White "Golubka, Petro"]
[Black "Pesotskiy, Mikhail"]
[WhiteFideId "14114224"]
[BlackFideId "34164453"]
[WhiteElo "2688"]
[BlackElo "2486"]
[Result "1-0"]
[Round "09"]
[TimeControl "180+1"]
[Date "2022.03.22"]
[WhiteClock "0:00:58"]
[BlackClock "0:00:07"]

1. d4 Nf6 2. Nf3 e6 3. c4 Bb4+ 4. Nbd2 a5 5. g4 b6 6. g5 Ne4 7. a3 Bxd2+ 8. Bxd2 Bb7 9. Bf4 d6 10. Qc2 Nd7 11. Bg2 Qc8 12. d5 Nec5 13. dxe6 Nxe6 14. Be3 a4 15. O-O-O Ndc5 16. Ne1 Bxg2 17. Nxg2 Qb7 18. f3 b5 19. Bxc5 Nxc5 20. Ne3 b4 21. axb4 Qxb4 22. Nd5 Qb7 23. h4 c6 24. Nc3 Nb3+ 25. Kb1 O-O 26. Ka2 Nc5 27. Rxd6 Qb4 28. Rxc6 a3 29. b3 Rfb8 30. Nb5 Nxb3 31. Qxb3 Qxb3+ 32. Kxb3 a2 33. Ra1 1-0


[Site "https://www.chess.com"]

[Event "Titled Tuesday Blitz March 22 Early 2022"]
[White "Grandelius, Nils"]
[Black "Xu, Yi"]
[WhiteFideId "1710400"]
[BlackFideId "8605564"]
[WhiteElo "2617"]
[BlackElo "2471"]
[Result "1-0"]
[Round "09"]
[TimeControl "180+1"]
[Date "2022.03.22"]
[WhiteClock "0:00:08"]
[BlackClock "0:00:01"]

1. c4 Nf6 2. g3 e6 3. Bg2 d5 4. Nf3 Be7 5. O-O O-O 6. Ne5 d4 7. e3 c5 8. exd4 cxd4 9. d3 Nfd7 10. Nxd7 Nxd7 11. b3 e5 12. Re1 Re8 13. Ba3 Bxa3 14. Nxa3 Nf6 15. Qd2 Rb8 16. c5 Qc7 17. Rac1 a6 18. b4 Be6 19. b5 Bd5 20. Bf1 Rbd8 21. Qb4 Qc8 22. bxa6 bxa6 23. Nc4 Qf5 24. Nd2 Ng4 25. Re2 Nxh2 26. Bg2 Qxd3 27. Rce1 Bxg2 28. Kxg2 Ng4 29. Ne4 Ne3+ 30. Rxe3 dxe3 31. Rxe3 Qd5 32. Kg1 Qxa2 33. Nd6 Re6 34. Qb7 Rh6 35. Re1 Qd2 36. Qxf7+ Kh8 37. Rf1 Rhxd6 38. cxd6 Qxd6 39. Rb1 Rf8 40. Qa2 Qf6 41. Ra1 h6 42. Re1 Qd6 43. Qb2 Qd4 44. Qa2 Qd6 45. Re2 Qd4 46. Kg2 1-0


[Site "https://www.chess.com"]

[Event "Titled Tuesday Blitz March 22 Early 2022"]
[White "Grieve, Harry"]
[Black "Kanyamarala, Tarun"]
[WhiteFideId "426520"]
[BlackFideId "45004714"]
[WhiteElo "2294"]
[BlackElo "2075"]
[Result "1/2-1/2"]
[Round "09"]
[TimeControl "180+1"]
[Date "2022.03.22"]
[WhiteClock "0:00:10"]
[BlackClock "0:00:23"]

1. e4 c5 2. Nc3 Nc6 3. Bb5 Nd4 4. Nf3 a6 5. Bd3 g6 6. O-O Bg7 7. Rb1 Nc6 8. a3 d6 9. b4 b5 10. Re1 c4 11. Bf1 Nf6 12. a4 Rb8 13. axb5 axb5 14. d3 Bg4 15. dxc4 bxc4 16. Bxc4 O-O 17. b5 Bxf3 18. gxf3 Ne5 19. Be2 Qc8 20. Rb3 Qh3 21. Nd5 Nxd5 22. Qxd5 Qd7 23. f4 Ng4 24. Bxg4 Qxg4+ 25. Rg3 Qd7 26. c4 e6 27. Qd3 d5 28. exd5 exd5 29. Qxd5 Qxd5 30. cxd5 Rxb5 31. Rd3 Rd8 32. d6 Rb7 33. Re7 Rbd7 34. Rxd7 Rxd7 35. Ba3 Bh6 36. Rd4 f5 37. Rc4 Kf7 38. Kg2 Ke6 39. Kf3 Bf8 40. Rc7 Bxd6 41. Rxd7 Kxd7 42. Bb2 Ke6 43. Bd4 Kd5 44. Bc3 Kc4 45. Bf6 Kd3 46. Be5 Be7 47. h3 Kd2 48. Bd4 Kd3 49. Be5 Kd2 50. Bd4 Ke1 51. Be5 Kf1 52. Bd4 Kg1 53. Kg3 Kf1 54. Kf3 Bh4 55. Be3 Kg1 56. Bd4 Kh2 57. Be3 Kxh3 58. Bd4 Be7 59. Be3 Kh4 60. Kg2 Kg4 61. f3+ Kh5 62. Kh3 Bd6 63. Bd2 Kh6 64. Kh4 Be7+ 65. Kg3 Kh5 66. Bc3 Bf8 67. Bf6 Bc5 68. Be7 Be3 69. Bf6 Bd2 70. Bg5 Be1+ 71. Kh3 Bd2 72. Kg3 Bc3 73. Be7 Bg7 74. Bd8 h6 75. Be7 Bc3 76. Kh3 Bd2 77. Kg3 Be1+ 78. Kh3 g5 79. fxg5 hxg5 80. Bd8 Kg6 81. Kg2 Bd2 82. Bb6 Bf4 83. Bd4 Kf7 84. Kf2 Ke6 85. Ke2 Kd5 86. Bg7 Kc4 87. Bf6 Kd5 88. Be7 Ke6 89. Bd8 Kf7 90. Kf2 Kg6 91. Kg2 Kh5 92. Be7 Be3 93. Bd8 Bd4 94. Be7 Bg7 95. Bd8 Bh6 96. Be7 Bg7 97. Bd8 Kg6 98. Be7 Bf6 99. Bd6 Kf7 100. Kf2 Ke6 101. Bf8 Be5 102. Bb4 Bd4+ 103. Ke2 Kd5 104. Ba5 g4 105. fxg4 fxg4 106. Bc7 Ke4 107. Bb8 Be5 108. Bxe5 Kxe5 109. Ke3 Kf5 110. Kf2 Kf4 111. Kg2 g3 112. Kg1 Kg4 113. Kg2 Kf4 114. Kg1 Kf3 115. Kf1 Ke3 116. Kg2 Kf4 1/2-1/2


[Site "https://www.chess.com"]

[Event "Titled Tuesday Blitz March 22 Early 2022"]
[White "Gubanov, Oleg"]
[Black "Pajeken, Jakob Leon"]
[WhiteFideId "14115115"]
[BlackFideId "12942839"]
[WhiteElo "2328"]
[BlackElo "2581"]
[Result "0-1"]
[Round "09"]
[TimeControl "180+1"]
[Date "2022.03.22"]
[WhiteClock "0:00:40"]
[BlackClock "0:02:06"]

1. e4 e5 2. Nf3 Nc6 3. Bb5 a6 4. Ba4 Nf6 5. d3 d6 6. O-O b5 7. Bb3 Be7 8. a4 Bb7 9. axb5 axb5 10. Rxa8 Qxa8 11. Nc3 b4 12. Nd5 Nxd5 13. Bxd5 O-O 14. Qe1 h6 15. Bd2 Rb8 16. Qa1 Na5 17. Bxb7 Rxb7 18. b3 Ra7 19. Qc1 Nc6 20. Ne1 Ra1 21. Qb2 Ra2 22. Qc1 Nd4 23. Bxb4 Ne2+ 0-1


[Site "https://www.chess.com"]

[Event "Titled Tuesday Blitz March 22 Early 2022"]
[White "Guseva, Marina"]
[Black "Al-Tarboush, Ward"]
[WhiteFideId "4149351"]
[BlackFideId "7601450"]
[WhiteElo "2479"]
[BlackElo "2598"]
[Result "1-0"]
[Round "09"]
[TimeControl "180+1"]
[Date "2022.03.22"]
[WhiteClock "0:00:28"]
[BlackClock "0:00:03"]

1. d4 d5 2. Nf3 Nf6 3. Bf4 c5 4. e3 Nc6 5. Nbd2 cxd4 6. exd4 Bf5 7. c3 e6 8. Qb3 Qb6 9. Qxb6 axb6 10. a3 Be7 11. h3 O-O 12. Be2 h6 13. Ne5 Nxe5 14. Bxe5 Nd7 15. Bg3 Bh7 16. O-O f5 17. Rfe1 f4 18. Bh2 g5 19. Bg4 Nf6 20. Bxe6+ Kg7 21. f3 Bd6 22. Kh1 Rae8 23. Bg1 Nh5 24. Bf2 Bd3 25. Bxd5 Nf6 26. Bxb7 h5 27. Ne4 Bxe4 28. Bxe4 g4 29. Bh4 Nxe4 30. fxe4 f3 31. e5 Be7 32. Bxe7 Rxe7 33. Rf1 f2 34. g3 gxh3 35. Kh2 Kg6 36. Rad1 Kg5 37. Kxh3 Ref7 38. Kg2 h4 39. Rd3 Rg7 40. d5 Kg4 41. Rd4+ Kg5 42. Rxh4 Rgf7 43. e6 Rf5 44. e7 Re8 45. d6 Rd5 46. Rd4 Rxd4 47. cxd4 Kf6 48. Rxf2+ Ke6 49. Rf8 1-0


[Site "https://www.chess.com"]

[Event "Titled Tuesday Blitz March 22 Early 2022"]
[White "Hernandez Bonilla, Amelia"]
[Black "Karavaeva, Olga"]
[WhiteFideId "3900193"]
[BlackFideId "4124111"]
[WhiteElo "2085"]
[BlackElo "2105"]
[Result "1-0"]
[Round "09"]
[TimeControl "180+1"]
[Date "2022.03.22"]
[WhiteClock "0:00:12"]
[BlackClock "0:00:18"]

1. d4 d5 2. Bf4 Nf6 3. e3 Bf5 4. c4 e6 5. Qb3 b6 6. Nc3 c6 7. Nf3 Be7 8. Ne5 O-O 9. Rc1 h6 10. Be2 Nfd7 11. cxd5 Nxe5 12. Bxe5 exd5 13. O-O Nd7 14. Bg3 Nf6 15. Ba6 Qd7 16. h3 Rfe8 17. Ne2 Ne4 18. Qa4 b5 19. Qa5 Nxg3 20. Nxg3 Bg6 21. a4 b4 22. Rfd1 Rab8 23. Bd3 Bxd3 24. Rxd3 Bd8 25. Qc5 Re6 26. Ne2 Be7 27. Qc2 Bd6 28. b3 Rg6 29. Kh1 Qf5 30. Ng1 Bc7 31. Rd2 Qd7 32. f4 Re8 33. Re2 Rg3 34. Rce1 Re6 35. Nf3 Reg6 36. Ne5 Rxh3+ 37. gxh3 Qxh3+ 38. Rh2 Qg3 39. Qf2 Bxe5 40. Qxg3 Rxg3 41. fxe5 g5 42. Rg2 Rh3+ 43. Kg1 Kg7 44. Kf2 Rh4 45. Reg1 Re4 46. Rg4 Kg6 47. Kf3 Rxg4 48. Rxg4 h5 49. Rg1 Kf5 50. Ke2 g4 51. Kd3 h4 52. Rf1+ Kg5 53. e4 h3 54. Ke3 h2 55. exd5 cxd5 56. Rh1 g3 57. Kf3 Kh4 58. Kg2 Kg4 59. Rc1 Kf4 60. Rf1+ Ke4 61. Rxf7 Kxd4 62. e6 1-0


[Site "https://www.chess.com"]

[Event "Titled Tuesday Blitz March 22 Early 2022"]
[White "Hoffmann, Asa"]
[Black "Brodowski, Piotr"]
[WhiteFideId "2001470"]
[BlackFideId "1124480"]
[WhiteElo "2117"]
[BlackElo "2422"]
[Result "1-0"]
[Round "09"]
[TimeControl "180+1"]
[Date "2022.03.22"]
[WhiteClock "0:01:18"]
[BlackClock "0:01:49"]

1. d4 c5 2. dxc5 e6 3. Nc3 Bxc5 4. Ne4 d5 5. Nxc5 Qa5+ 6. c3 Qxc5 7. e4 Nf6 8. Be3 Qc6 9. e5 Nfd7 10. f4 b6 11. Qg4 g6 12. Nf3 Ba6 13. Bxa6 Nxa6 14. O-O O-O 15. Qh4 f6 16. Bd4 fxe5 17. Ng5 h5 18. fxe5 Nac5 19. g4 Ne4 20. gxh5 Rf5 21. Nxe4 dxe4 22. hxg6 Nf8 23. Rxf5 exf5 24. e6 Nxg6 25. Qf6 1-0


[Site "https://www.chess.com"]

[Event "Titled Tuesday Blitz March 22 Early 2022"]
[White "Horcajuelo Rocamora, Martin"]
[Black "Valle Maytin, Luis Enrique"]
[WhiteFideId "24573027"]
[BlackFideId "3503666"]
[WhiteElo "1706"]
[BlackElo "2228"]
[Result "1-0"]
[Round "09"]
[TimeControl "180+1"]
[Date "2022.03.22"]
[WhiteClock "0:01:03"]
[BlackClock "0:01:24"]

1. e4 c6 2. d4 d5 3. exd5 cxd5 4. Bd3 Nc6 5. c3 Qc7 6. Nf3 Nf6 7. O-O e6 8. b4 a6 9. Nbd2 Bd6 10. Nb3 O-O 11. h3 b6 12. a4 a5 13. b5 Ne7 14. Qc2 Ng6 15. Bg5 Nd7 16. h4 Re8 17. h5 Ngf8 18. h6 g6 19. Rac1 e5 20. dxe5 Nxe5 21. Nxe5 Bxe5 22. f4 Bd6 23. f5 Bb7 24. fxg6 hxg6 25. Nd4 Be5 26. Bf6 Bxf6 27. Rxf6 Nd7 28. h7+ Kg7 29. Rxf7+ Kxf7 30. Bxg6+ Kg7 31. Bxe8 Rxe8 32. Qf5 Qd6 33. Rf1 Rf8 34. Ne6+ Qxe6 35. Qxe6 Rxf1+ 36. Kxf1 Nf6 37. Qe7+ 1-0


[Site "https://www.chess.com"]

[Event "Titled Tuesday Blitz March 22 Early 2022"]
[White "Jaferian, Koosha"]
[Black "Miszler, Levente"]
[WhiteFideId "12507440"]
[BlackFideId "763276"]
[WhiteElo "2030"]
[BlackElo "1966"]
[Result "0-1"]
[Round "09"]
[TimeControl "180+1"]
[Date "2022.03.22"]
[WhiteClock "0:00:01"]
[BlackClock "0:00:09"]

1. Nf3 Nf6 2. b3 d5 3. Bb2 c5 4. e3 e6 5. Be2 Nc6 6. O-O Bd6 7. d4 O-O 8. c4 cxd4 9. Nxd4 e5 10. Nxc6 bxc6 11. Nd2 e4 12. cxd5 cxd5 13. Re1 Be6 14. Nf1 Bb4 15. Nd2 Qa5 16. a3 Bxd2 17. b4 Bxb4 18. axb4 Qb6 19. Bxf6 gxf6 20. Qd2 Rfd8 21. Ra6 Qb7 22. Qd4 Kg7 23. Rea1 Rd7 24. g4 h6 25. h4 Qb8 26. b5 Rb7 27. g5 hxg5 28. hxg5 Qe5 29. Qxe5 fxe5 30. b6 d4 31. Bb5 Rc8 32. bxa7 Rxb5 33. a8=Q Rxa8 34. Rxa8 d3 35. Rd8 Kg6 36. Rg8+ Kf5 37. Rd1 Rb2 38. Rd8 Bb3 39. Ra1 d2 40. Kg2 d1=Q 41. Raxd1 Bxd1 42. Rxd1 Kxg5 43. Rd7 f5 44. Rg7+ Kf6 45. Ra7 f4 46. exf4 exf4 47. Ra6+ Kf5 48. Ra5+ Kg4 49. Kf1 Kf3 50. Ra3+ e3 51. fxe3 fxe3 52. Kg1 Rb1+ 53. Kh2 Kf2 54. Ra8 e2 55. Rf8+ Ke1 56. Kg2 Rb4 57. Ra8 Rg4+ 58. Kf3 Rd4 59. Re8 Rd2 60. Kg2 Kd1 61. Ra8 e1=Q+ 0-1


[Site "https://www.chess.com"]

[Event "Titled Tuesday Blitz March 22 Early 2022"]
[White "Janaszak, Dawid"]
[Black "Tay, Junior"]
[WhiteFideId "1119206"]
[BlackFideId "5800439"]
[WhiteElo "2199"]
[BlackElo "2216"]
[Result "1-0"]
[Round "09"]
[TimeControl "180+1"]
[Date "2022.03.22"]
[WhiteClock "0:00:05"]
[BlackClock "0:00:12"]

1. d4 Nf6 2. Bf4 c5 3. d5 d6 4. Nc3 g6 5. Qd2 a6 6. a4 Qa5 7. e4 b5 8. f3 Nbd7 9. Nh3 Ne5 10. Nf2 Nc4 11. Bxc4 bxc4 12. O-O Rb8 13. e5 dxe5 14. Bxe5 Rxb2 15. d6 Be6 16. Rab1 Rb4 17. Nfe4 Bg7 18. d7+ Kd8 19. Qf4 Nh5 20. Bxg7 Nxf4 21. Bxh8 Kxd7 22. Rfd1+ Ke8 23. Be5 Rxb1 24. Rxb1 Nd5 25. Rb8+ Kd7 26. Rb7+ Kc8 27. Rb8+ Kd7 28. Rb7+ Kd8 29. Rb8+ Bc8 30. h3 Nxc3 31. Bxc3 Qxa4 32. Nxc5 Qxc2 33. Ba5+ Ke8 34. Rxc8# 1-0


[Site "https://www.chess.com"]

[Event "Titled Tuesday Blitz March 22 Early 2022"]
[White "Jary, Sergey"]
[Black "Jeet, Jain"]
[WhiteFideId "14110350"]
[BlackFideId "5073022"]
[WhiteElo "2260"]
[BlackElo "2085"]
[Result "0-1"]
[Round "09"]
[TimeControl "180+1"]
[Date "2022.03.22"]
[WhiteClock "0:00:21"]
[BlackClock "0:00:10"]

1. e4 c6 2. d4 d5 3. Nd2 g6 4. e5 Bg7 5. c3 h5 6. Bd3 Nh6 7. Ne2 Bf5 8. Nf3 e6 9. Bg5 Qb6 10. O-O Nd7 11. h3 c5 12. Ng3 c4 13. Be2 Qxb2 14. Nxf5 Nxf5 15. Rb1 Qxa2 16. Rxb7 Rb8 17. Rxb8+ Nxb8 18. Qb1 Qxb1 19. Rxb1 Nc6 20. Kh2 O-O 21. g4 hxg4 22. hxg4 Nfe7 23. Rb7 Nc8 24. Rc7 Na5 25. Bd1 Nb3 26. Nd2 Nxd2 27. Bxd2 f6 28. f4 fxe5 29. dxe5 Bxe5 30. fxe5 Rf2+ 31. Kg3 Rxd2 32. Rxc8+ Kg7 33. Rc7+ Kh6 34. Bf3 a5 35. Re7 Rd3 36. Rxe6 Rxc3 37. Rd6 a4 38. Rxd5 a3 39. Ra5 Re3 40. Kf4 Rb3 41. g5+ Kg7 42. Ra7+ Kf8 43. e6 Rb6 44. Ke5 c3 45. Kf6 Rb8 46. Rxa3 Rc8 47. e7+ Ke8 48. Bc6+ Rxc6+ 49. Ke5 c2 50. Ra8+ Kxe7 51. Ra7+ Kd8 52. Ra8+ Rc8 53. Ra1 c1=Q 54. Rxc1 Rxc1 55. Kf6 Rc6+ 56. Kf7 Kd7 0-1


[Site "https://www.chess.com"]

[Event "Titled Tuesday Blitz March 22 Early 2022"]
[White "Jumabayev, Rinat"]
[Black "Perera Alfonso, Rene Humberto"]
[WhiteFideId "13702661"]
[BlackFideId "3514722"]
[WhiteElo "2561"]
[BlackElo "2313"]
[Result "1-0"]
[Round "09"]
[TimeControl "180+1"]
[Date "2022.03.22"]
[WhiteClock "0:01:44"]
[BlackClock "0:01:46"]

1. e4 c5 2. Nf3 d6 3. Bc4 Nf6 4. d3 Nc6 5. c3 g6 6. h3 Bg7 7. Bb3 O-O 8. O-O b5 9. Re1 b4 10. d4 bxc3 11. bxc3 cxd4 12. cxd4 a5 13. Nc3 Bb7 14. Be3 Rc8 15. Rc1 e6 16. d5 exd5 17. Nxd5 Nb4 18. Rxc8 Bxc8 19. Bb6 Qd7 20. Nxf6+ Bxf6 21. Bxa5 Nc6 22. Bb6 Bb7 23. a4 Rb8 24. a5 Ba6 25. e5 1-0


[Site "https://www.chess.com"]

[Event "Titled Tuesday Blitz March 22 Early 2022"]
[White "Kanyamarala, Trisha"]
[Black "Goriatchkin, Jouri"]
[WhiteFideId "45004722"]
[BlackFideId "4120183"]
[WhiteElo "2047"]
[BlackElo "1614"]
[Result "0-1"]
[Round "09"]
[TimeControl "180+1"]
[Date "2022.03.22"]
[WhiteClock "0:00:01"]
[BlackClock "0:00:11"]

1. c4 c6 2. Nc3 d5 3. d4 Nf6 4. Bf4 e6 5. e3 Bd6 6. Bg5 O-O 7. Nf3 Nbd7 8. Qc2 h6 9. Bh4 b6 10. Bd3 Bb7 11. O-O Rc8 12. Rad1 Be7 13. e4 dxe4 14. Nxe4 Nxe4 15. Bxe7 Qxe7 16. Bxe4 Nf6 17. Rfe1 Nxe4 18. Qxe4 c5 19. d5 Qf6 20. Ne5 exd5 21. cxd5 Rfe8 22. Ng4 Qd8 23. Qxe8+ Qxe8 24. Rxe8+ Rxe8 25. Ne3 Rd8 26. Kf1 Kf8 27. Ke2 Ke7 28. f4 g6 29. g4 a6 30. Kf3 b5 31. Ke4 Kd6 32. b3 Re8+ 33. Kf3 Rc8 34. Ke4 Re8+ 35. Kf3 Rc8 36. f5 g5 37. Ke4 Re8+ 38. Kf3 f6 39. Ke2 Rd8 40. h3 Ke5 41. Rc1 Kd6 42. Kd3 Bxd5 43. Nxd5 Kxd5 44. Ke3 Re8+ 45. Kd3 Kc6 46. a4 bxa4 47. bxa4 Re5 48. Kc4 Re3 49. Rb1 Rxh3 50. Re1 Rg3 51. Re6+ Kc7 52. Rxf6 Rxg4+ 53. Kxc5 Rxa4 54. Rxh6 Rf4 55. f6 g4 56. Rh7+ Kd8 57. Kd5 Rxf6 58. Rg7 Rf4 59. Ke5 Ra4 60. Kd6 Ke8 61. Ke6 Kf8 62. Rg6 Re4+ 63. Kf6 Rf4+ 64. Ke6 a5 65. Rh6 Kg7 66. Rh2 a4 67. Ra2 g3 68. Ke5 Rg4 0-1


[Site "https://www.chess.com"]

[Event "Titled Tuesday Blitz March 22 Early 2022"]
[White "Khamdamova, Afruza"]
[Black "Ianov, Viktor"]
[WhiteFideId "14210444"]
[BlackFideId "14102730"]
[WhiteElo "1660"]
[BlackElo "2161"]
[Result "0-1"]
[Round "09"]
[TimeControl "180+1"]
[Date "2022.03.22"]
[WhiteClock "0:00:16"]
[BlackClock "0:00:51"]

1. e4 d6 2. d4 Nf6 3. Nc3 c6 4. Be3 Nbd7 5. f3 b5 6. Qd2 g6 7. g4 Nb6 8. h4 h5 9. g5 Nfd7 10. O-O-O b4 11. Nce2 Nc4 12. Qd3 Nxe3 13. Qxe3 Qa5 14. Kb1 Nb6 15. Nc1 Ba6 16. f4 Bg7 17. f5 O-O 18. Nh3 Nc4 19. Bxc4 Bxc4 20. Nf4 gxf5 21. Nxh5 fxe4 22. Nxg7 Kxg7 23. h5 Bd5 24. h6+ Kh7 25. Rdg1 Rg8 26. Rh4 Rg6 27. Rf4 Rag8 28. Rff1 Rxg5 29. Rxg5 Rxg5 30. b3 f6 31. Ne2 Qb5 32. Rf2 a5 33. c4 bxc3 34. Nxc3 Qd3+ 35. Qxd3 exd3 36. Rd2 Be6 37. Kb2 Bf5 38. Ka3 Kxh6 39. Ka4 Bg6 40. a3 e5 41. dxe5 Rxe5 42. b4 axb4 43. Kxb4 Rh5 44. a4 Rh4+ 45. Kb3 Bf7+ 46. Kb2 Rb4+ 47. Kc1 Bc4 48. Rh2+ Kg6 49. Rg2+ Kf5 50. Rg8 Bxg8 0-1


[Site "https://www.chess.com"]

[Event "Titled Tuesday Blitz March 22 Early 2022"]
[White "Khripachenko, Alexander"]
[Black "Shuvalov, Evgenij"]
[WhiteFideId "54184975"]
[BlackFideId "4187237"]
[WhiteElo "2597"]
[BlackElo "2510"]
[Result "0-1"]
[Round "09"]
[TimeControl "180+1"]
[Date "2022.03.22"]
[WhiteClock "0:00:01"]
[BlackClock "0:00:56"]

1. e4 e6 2. d4 d5 3. Nd2 c5 4. exd5 exd5 5. Bb5+ Nc6 6. Ngf3 Qe7+ 7. Be2 Qc7 8. O-O Nf6 9. Re1 Be6 10. dxc5 Bxc5 11. Nb3 Be7 12. Nbd4 Bg4 13. h3 Bxf3 14. Nxf3 O-O 15. Bd3 h6 16. c3 Bc5 17. Be3 Bxe3 18. Rxe3 Rfe8 19. Qd2 Rxe3 20. Qxe3 Re8 21. Qc5 Qa5 22. Qxa5 Nxa5 23. Rd1 Kf8 24. Bb5 Re7 25. Nd4 Nc4 26. Bxc4 dxc4 27. Nf5 Rd7 28. Rxd7 Nxd7 29. Nd6 Nc5 30. Nxc4 Na4 31. Nd6 b6 32. Nc8 a6 33. Kf1 b5 34. Ke2 Nxb2 35. Kd2 Na4 36. Kd3 Ke8 37. Nd6+ Ke7 38. Nf5+ Kf6 39. Nd6 Ke6 40. Ne4 f5 41. Nd2 Kd5 42. f3 g5 0-1


[Site "https://www.chess.com"]